 Dungeon Sprint DCSS version 0.31-a0-37-g98a128e1d9 (webtiles) character file.

Game seed: 14626645935065774835

123 bmack86 the Chopper (level 4, -8/44 HPs)
             Began as a Minotaur Fighter on May 15, 2023.
             Killed from afar by an oklob sapling priest (28 damage)
             ... with a splash of acid
             ... in the Dungeon (Sprint IV: "Fedhas' Mad Dash").
             The game lasted 00:02:52 (417 turns).

bmack86 the Chopper (Minotaur Fighter)               Turns: 417, Time: 00:02:54

Health: -8/44      AC:  3    Str: 23    XL:     4   Next: 80%
Magic:  3/3        EV:  9    Int:  5    God:
Gold:   92         SH:  5    Dex:  9    Spells: 3/3 levels left

rFire   . . .        a - +0 war axe
rCold   . . .        c - +0 buckler
rNeg    . . .        b - +0 scale mail
rPois   .            (helmet restricted)
rElec   .            (no cloak)
rCorr   .            (no gloves)
SInv    .            (no boots)
Will    .....        l - amulet of invisibility {+Inv} Stlth
                     (no ring)
HPRegen 0.27/turn    (no ring)
MPRegen 0.08/turn

%: no teleportation
@: corroded, very slightly contaminated, invisible (expiring)
A: horns 2, retaliatory headbutt
a: Evoke Invisibility


You were in the Dungeon.
You visited 1 branch You collected 92 gold pieces.

Inventory:

Hand Weapons
 a - a +0 war axe (weapon)
Missiles
 k - 2 poisoned darts (quivered)
Armour
 b - a +0 scale mail (worn)
 c - a +0 buckler (worn)
Jewellery
 l - the amulet of invisibility (around neck) {+Inv}
   (You found it in the Dungeon)

   [amulet of nothing]

   +Inv:      It lets you turn invisible.
Scrolls
 d - 2 scrolls of immolation
 j - a scroll of blinking
Potions
 e - a potion of curing
 f - a potion of heal wounds
 g - a potion of haste
 h - 2 potions of magic
 i - a potion of berserk rage


   Skills:
 + Level 6.1 Fighting
 * Level 6.8 Axes
 + Level 3.1 Throwing
 + Level 6.1 Armour
 + Level 6.1 Shields


You had 3 spell levels left.
You didn't know any spells.
Your spell library was empty.

Dungeon Overview and Level Annotations

Branches:
Dungeon (1/1)

Altars:
Cheibriados
Dithmenos
Elyvilon
Gozag
Hepliaklqana
Kikubaaqudgha
Makhleb
Nemelex Xobeh
Okawaru
Qazlal
Ru
Sif Muna
Trog
Uskayaw
Vehumet
Wu Jian
Xom
Yredelemnul
Zin
The Shining One
Jiyva
Lugonu

Annotations:
D exclusion: oklob sapling


Innate Abilities, Weirdness & Mutations

You have a pair of horns on your head.
You reflexively headbutt those who attack you in melee.


Message History

Found three altars.
The oklob sapling priest mumbles some strange prayers to its god against you.
Something smites you!
Marking area around an oklob sapling priest as unsafe for travelling.
There is an open door here.
You close the door.
You start resting.
HP restored.
You fail to use your ability.
You fade into invisibility!
You are very lightly contaminated with residual magic.
As you open the door, it creaks loudly!
Really walk into a travel-excluded area?
There is an open door here.
Found three altars.
Found two altars.
Found three altars.
There is an opulent altar of Gozag here.
Found a corrupted altar of Lugonu and a radiant altar of Vehumet.
There is a hazy altar of Hepliaklqana here.
The oklob sapling priest spits acid at you.
The splash of acid hits you!!
Ouch! That really hurt!
The acid corrodes you!
You slash the oklob sapling priest!
The oklob sapling priest is moderately damaged.
You strike the helpless oklob sapling priest from behind!
You hit the oklob sapling priest but do no damage.
The oklob sapling priest is moderately damaged.
You hit the oklob sapling priest but do no damage.
The oklob sapling priest is moderately damaged.
The oklob sapling priest looks encouraged for a moment.
You strike the helpless oklob sapling priest from behind!
You hit the oklob sapling priest. You headbutt the oklob sapling priest.
The oklob sapling priest is heavily damaged.
You flicker for a moment.
The oklob sapling priest spits acid at you.
The splash of acid hits you!!
Ouch! That really hurt!
You die...

########################
†...#.....#.⌠._._._._.⌠.
....'.#...'.._._@_._._..
....#.#...#..._._P_._...
########'##.._._._._._..
+...#._._._._._.⌠.
#...############## #####


You could see an oklob sapling priest (unable to see you).

Vanquished Creatures
  A scorpion (D)
  2 oklob saplings (D)
  A river rat (D)
  A rat (D)
5 creatures vanquished.

Notes
Turn   | Place    | Note
-------+----------+-------------------------------------------
     0 | D        | bmack86 the Minotaur Fighter began the quest for the Orb.
     0 | D        | Reached XP level 1. HP: 19/19 MP: 0/0
    12 | D        | Reached XP level 2. HP: 7/28 MP: 1/1
   103 | D        | Noticed an oklob sapling
   107 | D        | Killed an oklob sapling
   108 | D        | Reached skill level 5 in Fighting
   108 | D        | Reached skill level 1 in Throwing
   108 | D        | Reached skill level 5 in Armour
   108 | D        | Reached skill level 5 in Shields
   108 | D        | Reached XP level 3. HP: 11/36 MP: 2/2
   202 | D        | Noticed a scorpion
   202 | D        | Found the amulet of invisibility {+Inv}
   212 | D        | Killed a scorpion
   213 | D        | Reached XP level 4. HP: 30/44 MP: 3/3
   362 | D        | Found an opulent altar of Gozag.
   362 | D        | Found a hazy altar of Hepliaklqana.
   362 | D        | Found a burning altar of Makhleb.
   362 | D        | Found a sparkling altar of Nemelex Xobeh.
   362 | D        | Found a snail-covered altar of Cheibriados.
   362 | D        | Found a sacrificial altar of Ru.
   362 | D        | Found a shimmering blue altar of Sif Muna.
   362 | D        | Found a shimmering altar of Xom.
   362 | D        | Found a basalt altar of Yredelemnul.
   363 | D        | Found a viscous altar of Jiyva.
   363 | D        | Found a bloodstained altar of Trog.
   363 | D        | Found an ornate altar of the Wu Jian Council.
   408 | D        | Found an iron altar of Okawaru.
   408 | D        | Found a shadowy altar of Dithmenos.
   408 | D        | Found a glowing silver altar of Zin.
   409 | D        | Found an ancient bone altar of Kikubaaqudgha.
   409 | D        | Found a hide-covered altar of Uskayaw.
   410 | D        | Found a stormy altar of Qazlal.
   410 | D        | Found a white marble altar of Elyvilon.
   410 | D        | Found a glowing golden altar of the Shining One.
   411 | D        | Found a corrupted altar of Lugonu.
   411 | D        | Found a radiant altar of Vehumet.
   417 | D        | Killed from afar by an oklob sapling priest

Illustrated notes

Levels and vault maps discovered:
D:        dungeon_sprint_fedhas [sprint_temple]

Skill      XL: |  1  2  3  4 |
---------------+-------------+-----
Fighting       | 4 5 6 |  6.1
Axes           | 3 4 6 |  6.8
Armour         | 4 5 6 |  6.1
Shields        | 4 5 6 |  6.1
Throwing       | 1 2 3 |  3.1

Action                     |  1- 3 |  4- 6 || total
---------------------------+-------+-------++-------
  Melee: War axe           |    17 |     6 ||    23
         Headbutt          |     3 |     1 ||     4
Ability: Evoke Invisibilit |       |     1 ||     1
    Use: Potion            |     1 |       ||     1
         Scroll            |       |     1 ||     1
   Stab: Invisible         |       |     2 ||     2
 Armour: Scale mail        |     5 |       ||     5
  Dodge: Dodged            |     4 |       ||     4
  Block: Buckler           |     3 |       ||     3

Table legend: (Time is in decaauts)
 A = Elapsed time spent in this place.
 B = Non-inter-level travel time spent in this place.
 C = Inter-level travel time spent in this place.
 D = Time resting spent in this place.
 E = Time spent auto-exploring this place.
 F = Levels seen in this place.
 G = Mean time per level.
                   A        B        C        D        E       F      G
               +--------+--------+--------+--------+--------+-----+--------+
         Total |    423 |    423 |      0 |    325 |      0 |   1 |  423.0 |
       Dungeon |    423 |    423 |      0 |    325 |      0 |   1 |  423.0 |
               +--------+--------+--------+--------+--------+-----+--------+

Top non-repeatable levels by time:
       D: 423 daAuts
